cohdb
Replays
Latest Replays
All Replays
Popular Replays
Top Player Replays
Match Explorer
How It Works
Community
CoH3 Stats
Reddit
Sign in to upload your games and track your stats! →
Sign in with Steam
Match 46334960
Unlisted
Match 46334960
Overview
Messages
Build Orders
End
Construct Barracks
Selects Armored Battlegroup
Selects Veteran Crews
Riflemen Squad
1⁄4-ton 4x4 Truck
Riflemen Squad
Riflemen Squad
Infantry Support Center
Construct Weapon Support Center
Riflemen Squad
Construct Medical Station
Selects Strength in Steel
Selects M31 Recovery Vehicle
Bazooka Squad
Bazooka Squad
MasterStef
DexN
0
0
Comments
sign in to comment!
No comments posted yet!